 Dungeon Crawl Stone Soup version 0.28-a0-1506-g3893175d92 (webtiles) character file.

Game seed: 8493065217405523024

32 fragbeetle the Digger (level 3, -1/20 HPs)
             Began as a Gargoyle Earth Elementalist on Jan 14, 2022.
             Slain by an adder (2 damage)
             ... on level 2 of the Dungeon.
             The game lasted 00:02:54 (2147 turns).

fragbeetle the Digger (Gargoyle Earth Elementalist) Turns: 2147, Time: 00:02:55

Health: -1/20      AC:  5    Str: 11    XL:     3   Next: 25%
Magic:  6/6        EV: 12    Int: 15    God:
Gold:   32         SH:  0    Dex: 12    Spells: 5/6 levels left

rFire   . . .      SeeInvis .   a - +0 battleaxe
rCold   . . .      Faith    .   (shield currently unavailable)
rNeg    + . .      Spirit   .   b - +0 robe
rPois   ∞          Reflect  .   (no helmet)
rElec   +          Harm     .   (no cloak)
rCorr   .          Rampage  .   (no gloves)
Will    .....                   (no boots)
Stlth   ++........              (no amulet)
HPRegen 0.06/turn               (no ring)
MPRegen 0.10/turn               (no ring)

@: no status effects
A: sickness immunity, AC +3, negative energy resistance 1, electricity
resistance, torment resistance 1, petrification resistance
a: no special abilities


You were on level 2 of the Dungeon.
You visited 1 branch of the dungeon, and saw 2 of its levels.

You collected 32 gold pieces.

Inventory:

Hand Weapons
 a - a +0 battleaxe (weapon)
Missiles
 c - 20 stones
Armour
 b - a +0 robe (worn)
Scrolls
 d - a scroll of teleportation {unknown}
 e - 2 scrolls of blinking {unknown}
 f - 2 scrolls of amnesia {unknown}
 i - a scroll of identify {unknown}
 j - a scroll of brand weapon {unknown}
Potions
 g - a potion of might {unknown}
 h - a potion of attraction {unknown}


   Skills:
 + Level 1.1 Fighting
 + Level 1.9 Dodging
 - Level 2.1 Stealth
 - Level 2.0 Spellcasting
 + Level 1.2 Transmutations
 * Level 4.3 Earth Magic


You had 5 spell levels left.
You knew the following spells:

 Your Spells              Type           Power      Damage    Failure   Level
a - Sandblast             Erth           28%        2d8       3%          1

Your spell library contained the following spells:

 Spells                   Type           Power      Damage    Failure   Level
 Passwall                 Tmut/Erth      7%         N/A       11%         2
 Stone Arrow              Conj/Erth      14%        3d7       28%         3
 Gell's Gravitas          Tloc           1%         N/A       54%         3
 Lesser Beckoning         Tloc           1%         N/A       54%         3
 Teleport Other           Tloc           1%         N/A       54%         3
 Petrify                  Tmut/Erth      9%         N/A       56%         4


Dungeon Overview and Level Annotations

Branches:
Dungeon (2/15)

Altars:


Innate Abilities, Weirdness & Mutations

You are immune to sickness and miasma.
Your stone body is resilient. (AC +3)
You are immune to poison.
You resist negative energy. (rN+)
You are resistant to electric shocks. (rElec)
You are resistant to unholy torment.
You are immune to petrification.


Message History

You start resting.
Magic restored.
You start resting.
HP restored.
You see here 19 sling bullets.
There is a stone staircase leading down here.
You climb downwards.
There is a stone staircase leading up here.
A goblin and an adder come into view.
The goblin shouts!
The adder hisses angrily.
The adder bites you but does no damage. The adder bites you.
You closely miss the adder. The adder closely misses you.
The goblin barely misses you. The adder barely misses you.
You barely miss the adder. You barely miss the goblin.
The adder closely misses you. The goblin hits you but does no damage.
The adder bites you. The goblin hits you but does no damage.
You miss the adder. You closely miss the goblin. The adder barely misses you.
The goblin closely misses you. The adder closely misses you.
You barely miss the adder. You slash the goblin!
You kill the goblin!
The adder bites you but does no damage. The adder barely misses you.
The adder bites you.
You miss the adder. The adder bites you. The adder barely misses you.
You closely miss the adder. The adder misses you. The adder closely misses you.
You barely miss the adder. The adder bites you. The adder closely misses you.
You closely miss the adder. The adder misses you.
The adder bites you but does no damage.
You barely miss the adder. The adder bites you. The adder closely misses you.
The adder bites you but does no damage.
You closely miss the adder. The adder closely misses you.
The adder barely misses you.
You barely miss the adder. The adder bites you but does no damage.
The adder closely misses you.
You barely miss the adder. The adder closely misses you. The adder bites you.
* * * LOW HITPOINT WARNING * * *
You barely miss the adder. The adder bites you.
* * * LOW HITPOINT WARNING * * *
The adder closely misses you.
You miss the adder. The adder closely misses you. The adder bites you.
You die...

.#. .# .. .# ###
.. .. ..# .## .#
#.# .. .# #.#
#.#.# #.# #...#
#S# #<######@#
##......)#
#.######.......#
..# #.#######
### #.# #.# #.#
..# ###


You could see an adder.

Vanquished Creatures
  A gnoll (D:1)
  2 endoplasms (D:1)
  A giant cockroach (D:2)
  3 goblins
  A hobgoblin (D:1)
  3 kobolds (D:1)
  3 ball pythons (D:1)
  3 bats (D:1)
  A frilled lizard (D:1)
  3 rats
21 creatures vanquished.

Notes
Turn   | Place    | Note
-------+----------+-------------------------------------------
     0 | D:1      | fragbeetle the Gargoyle Earth Elementalist began the quest
                  | for the Orb.
     0 | D:1      | Reached XP level 1. HP: 10/10 MP: 3/3
   269 | D:1      | Found a faded altar of an unknown god.
   498 | D:1      | Reached skill level 1 in Transmutations
   498 | D:1      | Reached XP level 2. HP: 15/16 MP: 5/5
   840 | D:1      | Reached skill level 4 in Earth Magic
  1685 | D:2      | Reached skill level 1 in Fighting
  1856 | D:1      | Reached XP level 3. HP: 5/20 MP: 1/6
  2146 | D:2      | HP: 1/20 [adder (3)]
  2147 | D:2      | Slain by an adder

Illustrated notes

Levels and vault maps discovered:
D:1:      minmay_arrival_solitary_statue, layout_loops_ring,
          hellmonk_ecumenical_altar_heavens_door
D:2:      layout_loops_ring, uniq_sigmund

Skill      XL: |  1  2 |
---------------+-------+-----
Transmutations | 1 |  1.2
Earth Magic    | 4 |  4.3
Fighting       | 1 |  1.1
Dodging        | |  1.9
Stealth        | |  2.1
Spellcasting   | |  2.0

Action                   || total
-------------------------++-------
Melee: Battleaxe         ||   106
 Cast: Sandblast         ||    10
 Stab: Sleeping          ||     3
Armor: Robe              ||    55
Dodge: Dodged            ||   121

Table legend: (Time is in decaauts)
 A = Elapsed time spent in this place.
 B = Non-inter-level travel time spent in this place.
 C = Inter-level travel time spent in this place.
 D = Time resting spent in this place.
 E = Time spent auto-exploring this place.
 F = Levels seen in this place.
 G = Mean time per level.
                   A        B        C        D        E       F      G
               +--------+--------+--------+--------+--------+-----+--------+
         Total |   2220 |   2171 |     49 |    572 |   1162 |   2 | 1110.0 |
       Dungeon |   2220 |   2171 |     49 |    572 |   1162 |   2 | 1110.0 |
               +--------+--------+--------+--------+--------+-----+--------+

Top non-repeatable levels by time:
     D:1: 1875 daAuts
     D:2: 345 daAuts
